AoeStats
← Brazy_Boy4

Arena

510679478Analyzed
4v4 RM · 24h ago on Oct 2, 2026· 39m 55s· 8 players
Game mode
Random Map
Map size
Large (8 player)
Population
200
Speed
Normal
Resources
Standard
Victory
Conquest
Starting age
Dark Age
Ending age
Imperial Age
RankedLock teamsTeams togetherTeam positionsShared explorationLock speedFull tech treeHidden civsTurbo modeCheats
Victory
Defeat
🇦🇺 Varangians · Australia
1165
+14
🇲🇽 Ethiopians · Mexico
1088
+17
1079
+17
🇨🇦 Chinese · Canada
1061
+18
🇺🇸 Danes · United States
1143
-17
🇨🇳 Franks · China
1130
-17
🇹🇼 Italians · Taiwan
1095
-16
🇺🇸 Persians · United States
1086
-16
Stwarty13
10:30 Feudal Age
15:40 Castle Age
14:09 Horse Collar
14:47 Double-Bit Axe
20:05 Loom
23:34 Wheelbarrow
23:08 Gold Mining
23:55 Bow Saw
25:48 Hand Cart
29:12 Imperial Age
29:03 Stone Mining
30:27 Fletching
30:37 Padded Archer Armor
31:40 Ballistics
32:20 Chemistry
31:09 Town Watch
31:23 Bodkin Arrow
31:30 Murder Holes
31:32 Crossbowman
32:40 Conscription
32:14 Arbalester
34:10 Thumb Ring
35:57 Bracer
38:17 Leather Archer Armor
tboss
0:29 Loom
10:41 Feudal Age
14:51 Castle Age
13:09 Double-Bit Axe
13:35 Horse Collar
16:02 Bow Saw
16:02 Heavy Plow
17:06 Squires
21:22 Wheelbarrow
21:33 Scale Mail Armor
27:03 Hand Cart
27:32 Fletching
28:26 Fortified Wall
28:12 Murder Holes
28:41 Ballistics
28:22 Bodkin Arrow
29:14 Great Wall
30:17 Thumb Ring
30:27 Town Watch
30:55 Gold Mining
35:04 Imperial Age
33:29 Padded Archer Armor
33:22 Stone Mining
34:34 Masonry
34:43 Town Patrol
35:45 Leather Archer Armor
35:31 Elite Chu Ko Nu
37:28 Chemistry
36:42 Bracer
37:14 Ring Archer Armor
38:38 Conscription
38:59 Architecture
40:20 Two-Man Saw
DR GUS GLITTERGELPEN BILDORDER Ⅷ
8:10 Feudal Age
9:45 Wheelbarrow
8:58 Double-Bit Axe
14:57 Castle Age
13:43 Horse Collar
16:39 Bow Saw
25:29 Heavy Plow
28:13 Fletching
28:29 Padded Archer Armor
28:56 Bodkin Arrow
30:34 Leather Archer Armor
30:06 Town Watch
32:35 Ballistics
34:47 Imperial Age
33:41 Town Patrol
33:26 Loom
33:56 Hand Cart
35:42 Bracer
35:43 Heavy Scorpion
38:00 Drill
38:51 Chemistry
38:34 Siege Engineers
39:04 Capped Ram
ufokinw0tm8
2:22 Loom
10:34 Feudal Age
9:34 Loom
14:50 Castle Age
13:29 Double-Bit Axe
14:12 Horse Collar
26:56 Wheelbarrow
28:14 Forging
29:09 Squires
30:02 Town Watch
30:19 Scale Mail Armor
34:10 Gold Mining
34:45 Heavy Plow
36:56 Husbandry
41:19 Imperial Age
39:47 Bloodlines
Hav1k
0:31 Loom
11:40 Feudal Age
12:32 Horse Collar
12:42 Double-Bit Axe
18:40 Castle Age
16:53 Stone Mining
17:39 Gold Mining
19:12 Heavy Plow
19:25 Bow Saw
20:43 Stone Shaft Mining
21:48 Town Watch
26:34 Wheelbarrow
31:50 Hand Cart
37:18 Imperial Age
35:17 Forging
35:12 Scale Barding Armor
36:30 Gold Shaft Mining
35:37 Crossbowman
36:22 Thumb Ring
37:29 Chain Barding Armor
37:45 Iron Casting
37:51 Kamandaran
38:03 Citadels
39:01 Town Patrol
39:46 Plate Barding Armor
39:19 Elite War Elephant
41:06 Blast Furnace
Brazy_Boy4
0:49 Loom
11:22 Feudal Age
12:10 Double-Bit Axe
18:00 Castle Age
16:42 Horse Collar
20:03 Wheelbarrow
20:02 Squires
23:46 Arson
24:43 Forging
26:21 Scale Mail Armor
27:14 Iron Casting
26:49 Man-at-Arms
27:16 Gambesons
27:37 Long Swordsman
27:43 Long Swordsman
29:05 Chain Mail Armor
31:01 Hand Cart
31:41 Fletching
35:22 Imperial Age
33:03 Bow Saw
32:57 Heavy Plow
32:49 Gold Mining
32:51 Stone Mining
35:47 Onager
37:32 Plate Mail Armor
37:18 Town Watch
38:40 Siege Onager
39:30 Siege Engineers
2026
0:27 Loom
10:40 Feudal Age
15:04 Castle Age
35:25 Imperial Age
39:08 Town Watch
40:10 Wheelbarrow
tyshuff
11:08 Feudal Age
15:44 Castle Age
13:43 Double-Bit Axe
14:24 Horse Collar
16:44 Heavy Plow
Connection lost

Rejoining the realm…

Still unreachable

The connection could not be restored.

Session expired

The server has moved on; the page needs a fresh start.